 Dungeon Crawl Stone Soup version 0.30-a0-802-gb92711bcdf (webtiles) character file.

Game seed: 4409144927779280859

3517 browni3141 the Jinx (level 10, -4/69 HPs)
             Began as a Human Enchanter on Feb 24, 2023.
             Was a Believer of Nemelex Xobeh.
             Slain by a hornet (9 damage)
             ... while paralysed by a hornet
             ... on level 8 of the Dungeon.
             The game lasted 00:31:36 (10009 turns).

browni3141 the Jinx (Human Enchanter)              Turns: 10009, Time: 00:31:37

Health: -4/69      AC:  5    Str:  8    XL:     10   Next: 28%
Magic:  13/16      EV:  2    Int: 23    God:    Nemelex Xobeh [**....]
Gold:   175        SH:  0    Dex: 15    Spells: 5/17 levels left

rFire   + + .      SeeInvis .    R - +0 trident
rCold   + . .      Faith    .    (no shield)
rNeg    . . .      Spirit   .    D - +1 leather armour {rC+}
rPois   .          Reflect  +    (no helmet)
rElec   .          Harm     .    Q - scarf {rC+ rF+}
rCorr   .          Rampage  .    (no gloves)
Will    .....                    C - +0 pair of boots
Stlth   ++                       O - amulet of reflection
HPRegen 0.31/turn                k - +5 ring of evasion
MPRegen 0.15/turn                B - ring "Viumyd Jotua" {Fire Will- Int+4}

@: paralysed, slowed
A: no striking features
a: Renounce Religion, Draw Escape, Draw Destruction, Draw Summoning


You were on level 8 of the Dungeon.
You worshipped Nemelex Xobeh.
Nemelex Xobeh was pleased with you.
You visited 2 branches of the dungeon, and saw 9 of its levels.
You also visited: Sewer.

You collected 460 gold pieces.
You spent 285 gold pieces at shops.

Inventory:

Hand Weapons
 R - a +0 trident (weapon)
Missiles
 t - 12 poisoned darts
 x - a throwing net
Armour
 b - +0 swamp dragon scales
 g - a +0 robe
 C - a +0 pair of boots (worn)
 D - a +1 leather armour of cold resistance (worn)
 N - a +0 cloak
 P - a +1 cloak
 Q - a scarf of resistance (worn)
Jewellery
 k - a +5 ring of evasion (left hand)
 p - a ring of ice
 A - a ring of fire
 B - the ring "Viumyd Jotua" (right hand) {Fire Will- Int+4}
   (You found it on level 4 of the Dungeon)

   [ring of fire]

   It enhances your fire magic.
   Int:       It affects your intelligence (+4).
   rF:        It protects you from fire.
   rC:        It makes you vulnerable to cold.
   Will:      It decreases your willpower.
 O - an amulet of reflection (around neck)
Wands
 a - a wand of light (6)
 E - a wand of digging (5)
 G - a wand of polymorph (6)
 L - a wand of iceblast (4)
Scrolls
 i - 2 scrolls of amnesia {unknown}
 l - 2 scrolls of fog
 o - 4 scrolls of teleportation
 q - 3 scrolls of blinking
 s - 2 scrolls of poison
 y - a scroll of brand weapon
 z - 2 scrolls of enchant weapon
 F - 2 scrolls of fear
 H - a scroll of immolation {unknown}
 J - a scroll of acquirement {unknown}
 M - a scroll of silence {unknown}
Potions
 c - a potion of invisibility
 d - 3 potions of degeneration
 e - a potion of brilliance {unknown}
 f - a potion of curing
 h - 2 potions of lignification {unknown}
 j - 5 potions of heal wounds
 m - a potion of attraction {unknown}
 n - a potion of cancellation {unknown}
 r - a potion of mutation {unknown}
 v - a potion of might {unknown}
 w - 3 potions of resistance {unknown}
 I - a potion of flight {unknown}


   Skills:
 * Level 2.9 Fighting
 - Level 2.0 Short Blades
 * Level 6.5 Polearms
 - Level 2.0 Ranged Weapons
 - Level 3.0 Armour
 - Level 2.0 Dodging
 - Level 4.0 Stealth
 - Level 4.0 Spellcasting
 - Level 8.0 Hexes
 - Level 2.0 Summonings
 - Level 1.0 Ice Magic
 - Level 6.0 Invocations
 - Level 3.0 Evocations


You had 5 spell levels left.
You knew the following spells:

 Your Spells              Type           Power      Damage    Failure   Level
a - Ensorcelled Hibernat  Hex/Ice        50%        N/A       3%          2
b - Summon Small Mammal   Summ           52%        N/A       6%          1
c - Summon Guardian Gole  Hex/Summ       27%        N/A       5%          3
d - Confusing Touch       Hex            41%        N/A       1%          3
e - Tukima's Dance        Hex            41%        N/A       1%          3

Your spell library contained the following spells:

 Spells                   Type           Power      Damage    Failure   Level
 Cause Fear               Hex            20%        N/A       5%          4
 Dazzling Flash           Conj/Hex       46%        N/A       9%          3
 Inner Flame              Hex/Fire       34%        N/A       9%          3
 Portal Projectile        Hex/Tloc       46%        N/A       9%          3
 Apportation              Tloc           8%         N/A       14%         1
 Beastly Appendage        Tmut           8%         N/A       14%         1
 Kiss of Death            Conj/Necr      16%        2d6       14%         1
 Necrotise                Necr           16%        1d4       14%         1
 Call Canine Familiar     Summ           13%        N/A       19%         3
 Lesser Beckoning         Tloc           8%         N/A       22%         2
 Scorch                   Fire           12%        2d6       22%         2
 Wereblood                Tmut           4%         N/A       22%         2
 Anguish                  Hex/Necr       11%        N/A       28%         4
 Fulminant Prism          Conj/Hex       11%        3d8       28%         4
 Leda's Liquefaction      Hex/Erth       11%        N/A       28%         4
 Gell's Gravitas          Tloc           4%         N/A       41%         3
 Kindle Blastsparks       Fire/Tloc/Air  12%        2d11      41%         3
 Spider Form              Tmut/Pois      4%         N/A       41%         3
 Teleport Other           Tloc           4%         N/A       41%         3
 Vampiric Draining        Necr           4%         2d6       41%         3
 Dispel Undead            Necr           4%         3d7       82%         4
 Flame Wave               Conj/Fire      6%         2d5       82%         4
 Iskenderun's Mystic Bla  Conj/Tloc      4%         2d3       82%         4
 Agony                    Necr           4%         N/A       99%         5
 Lee's Rapid Deconstruct  Erth           2%         3d4*      99%         5
 Enfeeble                 Hex            20%        N/A       99%         7
 Summon Cactus Giant      Summ           6%         N/A       100%        6
 Discord                  Hex            20%        N/A       100%        8


Dungeon Overview and Level Annotations

Branches:
Dungeon (8/15)             Temple (1/1) D:4           Sewer (visited)
   Lair: D:8-11

Altars:
Ashenzari
Cheibriados
Dithmenos
Fedhas
Hepliaklqana
Kikubaaqudgha
Makhleb
Nemelex Xobeh
Okawaru
Qazlal
Ru
Sif Muna
Trog
Uskayaw
Vehumet
Wu Jian
Xom
Yredelemnul
Zin

Shops:
D:3 *


Message History

You suddenly lose the ability to move!
The hornet stings you!
You are poisoned.
You feel yourself slow down.
You feel very sick. The hornet stings you!
You feel as though you will be slow longer.
You feel sick. The hornet stings you!
You are more poisoned.
You feel as though you will be slow longer.
A centaur comes into view. It is wielding a +0 shortbow.
The hornet stings you.
You are lethally poisoned!
You shrug off the repeated paralysis!
You can move again.
Unknown command.
Unknown command.
* * * LOW HITPOINT WARNING * * *
You feel extremely sick.
The centaur shoots an arrow.
The arrow hits your guardian golem!
The hornet stings your guardian golem but does no damage.
The centaur shoots an arrow.
The arrow hits your guardian golem but does no damage.
The hornet stings your guardian golem!
The centaur shoots an arrow.
The arrow barely misses your guardian golem.
You reflect the arrow off an invisible shield around you!
The arrow hits your guardian golem!
You feel better.
The hornet stings your guardian golem but does no damage.
The centaur shoots an arrow.
The arrow hits your guardian golem!
Your guardian golem is destroyed!
Your guardian golem disappears in a puff of smoke!
You draw a card...
You have drawn the Swarm.
The hornet stings you!
* * * LOW HITPOINT WARNING * * *
You feel as though you will be slow longer.
The hornet stings you!
* * * LOW HITPOINT WARNING * * *
You suddenly lose the ability to move!
The hornet stings you!
You die...
Your body glows slightly and disappears.

.#..#.# ...# #....# . ...#.# ...#
#....# ..# #....# ...+ #....#
.....#....##...#.# #....#
.........c......#.# #..#
.....###..........# #...
#######.....+..y.........#.###.##
#......#....####y........#.......
#......#....# #@........#####.#.
#......#....####.................
.......'........#+#.......####.##
.......########...+.............(
....#'#.......#.###........###...
....#.#.#..#.....................
....#.#.#..####................#'
....#.#.....................[#.#.
..###+##########....######...#.#.


You could see a hornet (ally target), a centaur and a friendly killer bee
(summoned).

Vanquished Creatures
  Maggie (D:7)
  A steam dragon (D:6)
  A water moccasin (D:5)
  3 ice beasts
  An orc warrior (D:6)
  Pargi (Sewer)
  A centaur (D:7)
  A phantom (D:6)
  2 bullfrogs
  2 scorpions
  2 wights (D:6)
  2 howler monkeys (D:7)
  2 hounds
  3 orc priests
  Jessica (D:3)
  2 iguanas (D:5)
  4 orc wizards
  6 gnolls
  6 adders
  A shadow imp (D:7)
  3 white imps
  An ufetubus (D:5)
  2 worms (D:4)
  3 dart slugs
  14 orcs
  2 ball pythons (D:4)
  A bat (D:3)
  6 endoplasms
  15 giant cockroaches
  5 goblins
  8 hobgoblins
  5 jackals
  6 kobolds
  2 quokkas
  A frilled lizard (D:1)
  4 rats
121 creatures vanquished.

Vanquished Creatures (collateral kills)
  A centaur (D:7)
  A scorpion (D:5)
  3 wights (D:6)
  An orc priest (D:7)
  A gnoll (D:5)
  4 orcs
  2 kobolds
  A rat (D:3)
14 creatures vanquished.

Vanquished Creatures (others)
  The ghost of Splishie the Charlatan, a novice GnWn (D:4)
  6 dancing weapons
  A hornet (D:7)
  Duvessa (D:6)
  A black bear (D:6)
  An ice beast (D:5)
  2 ogres (D:5)
  A gnoll sergeant (D:6)
  Dowan (D:6)
  Crazy Yiuf (D:6)
  An orc wizard (D:5)
  A gnoll (D:6)
  2 demonic plants (D:3)
  5 fungi
  7 plants (D:3)
  4 withered plants (D:3)
36 creatures vanquished.

Grand Total: 171 creatures vanquished

Notes
Turn   | Place    | Note
-------+----------+-------------------------------------------
     0 | D:1      | browni3141 the Human Enchanter began the quest for the Orb.
     0 | D:1      | Reached XP level 1. HP: 13/13 MP: 3/3
   118 | D:1      | Reached skill level 1 in Fighting
   161 | D:1      | Reached XP level 2. HP: 18/21 MP: 5/5
   213 | D:1      | Reached skill level 1 in Ice Magic
   365 | D:1      | Learned a level 2 spell: Ensorcelled Hibernation
   921 | D:2      | Reached XP level 3. HP: 24/26 MP: 6/6
  1062 | D:1      | Reached skill level 1 in Ranged Weapons
  1270 | D:2      | Reached XP level 4. HP: 32/32 MP: 4/7
  1864 | D:2      | Learned a level 1 spell: Summon Small Mammal
  2069 | D:3      | Found Xidirem's General Store.
  2077 | D:3      | Bought a potion of curing for 30 gold pieces
  2077 | D:3      | Bought a scroll of blinking for 75 gold pieces
  2401 | D:3      | Found a faded altar of an unknown god.
  2502 | D:3      | Found a sparkling altar of Nemelex Xobeh.
  2515 | D:3      | Became a worshipper of Nemelex Xobeh the Trickster
  2609 | D:3      | Reached skill level 1 in Summonings
  2609 | D:3      | Reached XP level 5. HP: 38/38 MP: 1/8
  2623 | D:3      | Found a glowing drain.
  2628 | Sewer    | Entered a sewer
  2791 | Sewer    | Noticed Pargi
  2832 | Sewer    | Killed Pargi
  2833 | Sewer    | Reached skill level 4 in Hexes
  2833 | Sewer    | Reached XP level 6. HP: 11/44 MP: 2/9
  3218 | D:3      | Found an ancient bone altar of Kikubaaqudgha.
  3218 | D:3      | Noticed Jessica
  3223 | D:3      | Killed Jessica
  3308 | D:3      | Reached * piety under Nemelex Xobeh
  3528 | D:3      | Learned a level 3 spell: Summon Guardian Golem
  3532 | D:3      | Learned a level 3 spell: Confusing Touch
  3920 | D:4      | Received a gift from Nemelex Xobeh
  3993 | D:4      | Found a runed translucent door.
  3994 | D:4      | Noticed Splishie's ghost (novice GnWn)
  4075 | D:4      | Identified the ring "Viumyd Jotua" {Fire Will- Int+4}
  4199 | D:4      | Found a staircase to the Ecumenical Temple.
  4205 | Temple   | Entered the Ecumenical Temple
  4205 | Temple   | Found a transporter.
  4205 | Temple   | Found a transporter.
  4207 | Temple   | Found a transporter.
  4207 | Temple   | Found a transporter.
  4397 | D:3      | Bought a +1 leather armour of cold resistance for 140 gold
                  | pieces
  4407 | D:3      | Bought a scroll of fog for 40 gold pieces
  4614 | D:4      | Killed Splishie's ghost
  4615 | D:4      | Reached skill level 5 in Hexes
  4615 | D:4      | Reached XP level 7. HP: 44/50 MP: 5/12
  4663 | D:5      | Entered Level 5 of the Dungeon
  4696 | D:5      | Reached skill level 1 in Invocations
  4712 | D:5      | Noticed a water moccasin
  4995 | D:5      | Reached XP level 8. HP: 44/56 MP: 11/14
  5332 | D:5      | Learned a level 3 spell: Tukima's Dance
  5715 | D:5      | Reached skill level 6 in Hexes
  6029 | D:5      | Reached ** piety under Nemelex Xobeh
  6409 | D:6      | Noticed Duvessa
  6486 | D:6      | Found a hazy altar of Hepliaklqana.
  6523 | D:6      | Reached skill level 7 in Hexes
  6671 | D:6      | Found a snail-covered altar of Cheibriados.
  6715 | D:6      | Reached XP level 9. HP: 61/61 MP: 5/15
  6839 | D:6      | Reached skill level 8 in Hexes
  6855 | D:6      | Reached skill level 1 in Evocations
  6941 | D:6      | Killed Duvessa
  7109 | D:6      | Noticed Dowan
  7268 | D:6      | Killed Dowan
  7500 | D:6      | Found a stormy altar of Qazlal.
  7500 | D:6      | Found a shimmering blue altar of Sif Muna.
  7581 | D:6      | Reached skill level 5 in Invocations
  7840 | D:6      | Found a runed translucent door.
  7841 | D:6      | Noticed Crazy Yiuf
  7856 | D:6      | Killed Crazy Yiuf
  8193 | D:6      | Reached skill level 1 in Polearms
  8681 | D:7      | Noticed Maggie
  8698 | D:7      | Killed Maggie
  8699 | D:7      | Reached XP level 10. HP: 67/67 MP: 10/16
  8789 | D:7      | Found a hide-covered altar of Uskayaw.
  9001 | D:7      | Reached skill level 5 in Polearms
  9694 | D:7      | Received a gift from Nemelex Xobeh
  9817 | D:8      | Found a shadowy altar of Dithmenos.
 10003 | D:8      | Paralysed by a hornet for 3 turns
 10008 | D:8      | Paralysed by a hornet for 2 turns
 10009 | D:8      | Slain by a hornet

Illustrated notes

Levels and vault maps discovered:
D:1:      lightli_arrival_chessboard, layout_rooms, nicolae_eternal_life,
          kennysheep_boxes
D:2:      minmay_roachtagon, layout_basic
D:3:      layout_loops_ring, lemuel_crystal_altar,
          mainiacjoe_overflow_small_starburst, portal_sewer_entry_e,
          serial_shops, shop, shapermc_ecumenical_altar_gd, uniq_jessica
D:4:      layout_basic, minmay_temple_entry_fiery, ebering_ghost_reflecting_pool
D:5:      layout_basic, minmay_crystal_room
D:6:      layout_basic, mainiacjoe_overflow_swirl,
          gammafunk_temple_overflow_pools, uniq_crazy_yiuf_cottage, uniq_duvessa
D:7:      layout_loops_cross, eat_drink_and_be_merry_uskayaw, uniq_maggie
D:8:      layout_basic, marbit_many_paths, grunt_dithmenos_smoke_and_mirrors
Temple:   hellmonk_temple_divided_pantheon

Skill      XL: |  1  2  3  4  5  6  7  8  9 10 |
---------------+-------------------------------+-----
Fighting       | 1 2 |  2.9
Ice Magic      | 1 |  1.0
Short Blades   | 2 |  2.0
Ranged Weapons | 2 |  2.0
Summonings     | 1 2 |  2.0
Stealth        | 4 |  4.0
Hexes          | 4 5 7 8 |  8.0
Spellcasting   | 3 4 |  4.0
Invocations    | 3 6 |  6.0
Armour         | 3 |  3.0
Evocations     | 3 |  3.0
Polearms       | 4 6 |  6.5
Dodging        | |  2.0

Action                     |  1- 3 |  4- 6 |  7- 9 | 10-12 || total
---------------------------+-------+-------+-------+-------++-------
  Melee: Dagger            |   134 |   100 |   251 |       ||   485
         Punch             |     1 |       |     7 |     4 ||    12
         Trident           |       |       |       |   158 ||   158
   Fire: Sling             |     9 |     4 |    10 |       ||    23
  Throw: Dart              |       |       |    11 |       ||    11
   Cast: Ensorcelled Hiber |     8 |    28 |    35 |     2 ||    73
         Summon Small Mamm |       |    19 |    12 |     2 ||    33
         Summon Guardian G |       |     5 |    20 |     6 ||    31
         Confusing Touch   |       |       |     6 |     3 ||     9
         Tukima's Dance    |       |       |    17 |     2 ||    19
 Invoke: Draw Destruction  |       |       |     5 |       ||     5
         Draw Summoning    |       |       |       |     1 ||     1
  Evoke: Wand              |       |       |     4 |       ||     4
    Use: Potion            |       |     6 |     1 |     1 ||     8
         Scroll            |       |     1 |       |     7 ||     8
   Stab: Sleeping          |     8 |    25 |    19 |     3 ||    55
         Invisible         |       |     5 |       |       ||     5
         Distracted        |       |     1 |       |       ||     1
         Confused          |       |       |     2 |     6 ||     8
 Armour: Robe              |    23 |    11 |       |       ||    34
         Leather armour    |       |       |    78 |    41 ||   119
  Dodge: Dodged            |    83 |    75 |   240 |    33 ||   431
  Block: Other             |       |       |    15 |    16 ||    31
         Reflection        |       |       |     1 |     2 ||     3

Table legend: (Time is in decaauts)
 A = Elapsed time spent in this place.
 B = Non-inter-level travel time spent in this place.
 C = Inter-level travel time spent in this place.
 D = Time resting spent in this place.
 E = Time spent auto-exploring this place.
 F = Levels seen in this place.
 G = Mean time per level.
                   A        B        C        D        E       F      G
               +--------+--------+--------+--------+--------+-----+--------+
         Total |  10003 |   9341 |    662 |   1269 |   5503 |  10 | 1000.3 |
       Dungeon |   9580 |   8918 |    662 |   1083 |   5374 |   8 | 1197.5 |
        Temple |     35 |     35 |      0 |      0 |      5 |   1 |   35.0 |
         Sewer |    387 |    387 |      0 |    186 |    124 |   1 |  387.0 |
               +--------+--------+--------+--------+--------+-----+--------+

Top non-repeatable levels by time:
     D:6: 1924 daAuts
     D:5: 1652 daAuts
     D:7: 1385 daAuts
     D:3: 1188 daAuts
     D:4: 1175 daAuts
     D:1: 1063 daAuts
     D:2: 983 daAuts
   Sewer: 387 daAuts
     D:8: 207 daAuts
  Temple: 35 daAuts
